 Dungeon Crawl Stone Soup version 0.30-a0-1114-gd936c97349 (webtiles) character file.

Game seed: 14872116681729574875

63488 voltaire321 the Cleaver (level 14, -3/116 HPs)
             Began as a Demonspawn Gladiator on Apr 20, 2023.
             Was the Champion of Wu Jian.
             Slain by an orange demon (7 damage)
             ... on level 5 of the Lair of Beasts.
             The game lasted 00:51:44 (19255 turns).

voltaire321 the Cleaver (Demonspawn Gladiator)     Turns: 19255, Time: 00:51:44

Health: -3/116     AC: 21    Str: 29    XL:     14   Next: 68%
Magic:  14/14      EV: 14    Int: 10    God:    Wu Jian [******]
Gold:   1066       SH:  5    Dex: 16    Spells: 13/13 levels left

rFire   . . .      SeeInvis .    F - +2 broad axe (heavy)
rCold   + . .      Faith    .    (no shield)
rNeg    . . .      Spirit   .    N - +3 chain mail {rPois}
rPois   +          Reflect  +    o - +1 helmet
rElec   .          Rampage  .    (no cloak)
rCorr   +                        z - +0 pair of gloves
Will    +....                    (no boots)
Stlth   x                          - amulet of reflection
HPRegen 0.39/turn                R - ring of Esionav {rC+ rCorr Str+5}
MPRegen 0.14/turn                O - +6 ring of strength

@: no status effects
A: molten scales 2, demonic guardian 2, ignite blood 2, weakness stinger 2
a: Renounce Religion, Wall Jump, Serpent's Lash, Heavenly Storm


You were on level 5 of the Lair of Beasts.
You worshipped Wu Jian.
Wu Jian was exalted by your worship.
You visited 3 branches of the dungeon, and saw 16 of its levels.
You also visited: Ice Cave.

You collected 1396 gold pieces.
You spent 330 gold pieces at shops.

Inventory:

Hand Weapons
 v - a +0 war axe of electrocution
 F - a +2 heavy broad axe (weapon)
 H - the +4 shortbow "Ceoninam" {flame, rC+++ Int+5 Dex-4 SInv}
   (You found it on level 7 of the Dungeon)

   Int:       It affects your intelligence (+5).
   Dex:       It affects your dexterity (-4).
   rC:        It renders you almost immune to cold.
   SInv:      It lets you see invisible.
Missiles
 c - 10 boomerangs (quivered)
 d - 6 throwing nets
 e - 6 javelins
 r - 10 poisoned darts
 J - a curare-tipped dart
Armour
 o - a +1 helmet (worn)
 z - a +0 pair of gloves (worn)
 N - a +3 chain mail of poison resistance (worn)
Jewellery
 x - an amulet of reflection (around neck)
 G - a ring of poison resistance
 I - a ring of see invisible
 O - a +6 ring of strength (right hand)
 R - the ring of Esionav (left hand) {rC+ rCorr Str+5}
   (You found it in an ice cave)

   [ring of resist corrosion]

   Str:       It affects your strength (+5).
   rC:        It protects you from cold.
   rCorr:     It protects you from acid and corrosion.
 S - a ring of flight
 T - a ring of willpower
Wands
 j - a wand of paralysis (6)
 u - a wand of digging (6)
 w - a wand of roots (15)
 y - a wand of polymorph (19)
 K - a wand of quicksilver (9)
Scrolls
 b - a scroll of silence
 g - 6 scrolls of fog
 h - a scroll of brand weapon
 i - a scroll of immolation {unknown}
 k - 4 scrolls of teleportation
 n - a scroll of enchant armour
 p - 2 scrolls of identify
 t - a scroll of magic mapping
 C - 3 scrolls of poison
 P - a scroll of fear
 Q - 2 scrolls of blinking
Potions
 a - a potion of lignification
 f - a potion of flight
 l - 8 potions of haste
 m - 10 potions of curing
 q - 2 potions of ambrosia
 s - 6 potions of brilliance
 A - a potion of mutation
 B - a potion of resistance
 D - 6 potions of berserk rage
 E - 3 potions of might
 L - a potion of heal wounds
 M - 2 potions of cancellation


   Skills:
 * Level 12.7 Fighting
 * Level 13.1 Axes
 + Level 9.7 Throwing
 + Level 9.4 Armour
 + Level 10.1 Dodging


You had 13 spell levels left.
You didn't know any spells.
Your spell library contained the following spells:

 Spells                   Type           Power      Damage    Failure   Level
 Blink                    Tloc           0%         N/A       89%         2
 Cigotuvi's Dreadful Rot  Necr/Pois/Air  0%         N/A       89%         2
 Lesser Beckoning         Tloc           0%         N/A       89%         2
 Momentum Strike          Conj/Tloc      0%         3d8       89%         2
 Frozen Ramparts          Ice            0%         1d1       98%         3
 Ignite Poison            Fire/Tmut/Pois 0%         N/A       98%         3
 Ozocubu's Armour         Ice            0%         N/A       98%         3
 Stone Arrow              Conj/Erth      0%         3d7       98%         3
 Anguish                  Hex/Necr       0%         N/A       100%        4
 Animate Armour           Summ/Erth      0%         N/A       100%        4
 Ice Form                 Ice/Tmut       0%         N/A       100%        4
 Summon Ice Beast         Ice/Summ       0%         N/A       100%        4
 Fireball                 Conj/Fire      0%         3d3       100%        5
 Freezing Cloud           Conj/Ice/Air   0%         6-21      100%        5
 Iskenderun's Battlesphe  Conj           0%         2d6       100%        5
 Conjure Ball Lightning   Conj/Air       0%         3x3d6     100%        6
 Enfeeble                 Hex            0%         N/A       100%        7
 Orb of Destruction       Conj           0%         9d5       100%        7
 Ozocubu's Refrigeration  Ice            0%         4d7       100%        7
 Lehudib's Crystal Spear  Conj/Erth      0%         10d2      100%        8


Dungeon Overview and Level Annotations

Branches:
Dungeon (10/15)            Temple (1/1) D:4            Lair (5/5) D:8
 Shoals (0/4) Lair:3        Snake (0/4) Lair:3        Slime (0/5) Lair:4
  IceCv (visited)
    Orc: D:9-12

Altars:
Ashenzari
Cheibriados
Dithmenos
Fedhas
Gozag
Hepliaklqana
Kikubaaqudgha
Makhleb
Nemelex Xobeh
Okawaru
Qazlal
Ru
Sif Muna
Trog
Uskayaw
Vehumet
Wu Jian
Xom
Yredelemnul
Jiyva

Shops:
D:1 [   D:9 =


Innate Abilities, Weirdness & Mutations

You are mostly covered in molten scales. (AC +3)
A demonic guardian rushes to your aid.
Your demonic aura often causes spilled blood to erupt in flames.
You have a tail ending in a sharp stinger.


Message History

You hear a screech! x2
You block the sixfirhy's attack. The sixfirhy closely misses you.
The sixfirhy hits you! The sixfirhy shocks you!
The sixfirhy hits you but does no damage.
The hell hound barely misses you.
The sixfirhy hits you but does no damage.
The orange demon stings you but does no damage.
The hell hound closely misses you.
A hell hound comes into view.
You hear a bark!
You slice the sixfirhy!!
The sixfirhy is severely wounded.
You slash the hell hound! The sixfirhy hits you. The sixfirhy shocks you!
The sixfirhy completely misses you.
The sixfirhy hits you but does no damage.
The hell hound bites you but does no damage.
The orange demon closely misses you. x2; You block the hell hound's attack.
You closely miss the sixfirhy.
The sixfirhy is heavily wounded.
You closely miss the hell hound. The hell hound completely misses you.
The orange demon closely misses you. x2
The hell hound breathes flames at you. The blast of flame hits you!
The orange demon stings you from afar. The orange demon barely misses you.
You miss the sixfirhy.
The sixfirhy is heavily wounded.
You hit the hell hound. The sixfirhy hits you!
* * * LOW HITPOINT WARNING * * *
The sixfirhy shocks you!
* * * LOW HITPOINT WARNING * * *
A demonic guardian appears!
The sixfirhy hits you.
* * * LOW HITPOINT WARNING * * *
The sixfirhy shocks you!
* * * LOW HITPOINT WARNING * * *
The hell hound bites you but does no damage.
The sixfirhy closely misses you. You block the hell hound's attack.
The sixfirhy hits you but does no damage.
The orange demon stings you but does no damage.
The orange demon stings you from afar!
You die...

♣♣♣ ♣♣...♣♣♣♣♣..♣♣♣ ..♣♣♣♣
♣♣♣♣...♣♣ ♣♣♣..♣♣♣
♣♣...♣♣♣....♣♣♣ ♣♣...♣
♣♣.......♣♣♣ ♣....♣
♣♣.♣♣.♣♣♣ ######''######
♣♣♣♣♣'#########.............
♣#....)...#...8....8....
#..8.84..'............. ♣
#...#.8.@############## ♣♣
#..#.8.h3# ..... .♣
#...8.#44#...... .♣
#..8.#..h'..3h4. ♣♣
#...8.8..#..4... ♣
#........#.....≈ ##########
##§§§ ≈§ #


You could see 2 orange demons, a sixfirhy (ally target), 2 hell hounds and a
friendly orange demon (summoned).

Vanquished Creatures
  A white draconian (IceCv)
  6 hydras
  A death yak (Lair:5)
  2 skysharks
  Nergalle (Lair:1)
  A wizard (Lair:5)
  A deep elf pyromancer (D:8)
  A cyclops (D:8)
  11 elephants
  7 black mambas
  A merfolk siren (Lair:3)
  Maurice (D:8)
  9 cane toads
  2 unseen horrors
  2 ice statues (IceCv)
  9 rime drakes
  4 komodo dragons
  A polar bear (Lair:3)
  A queen bee (shapeshifter) (D:8)
  3 merfolk (Lair:3)
  11 blink frogs (Lair:5)
  A shadow (D:10)
  The ghost of domi the Trooper, an amateur NaFi (D:4)
  A wraith (D:10)
  43 yaks
  3 basilisks
  A human (D:6)
  3 steam dragons (D:8)
  5 wyverns
  7 vampire mosquitoes
  A hell hound (Lair:5)
  15 water moccasins
  2 orc warriors
  4 black bears
  An ice beast (D:7)
  4 sky beasts
  6 wolves (Lair:3)
  2 ogres (D:6)
  9 centaurs
  3 kobold brigands (D:9)
  8 bullfrogs
  A gnoll sergeant (D:8)
  A cane toad simulacrum (Lair:1)
  6 scorpions
  3 wights (D:7)
  5 lindwurm simulacra (IceCv)
  10 killer bees
  A howler monkey (D:5)
  3 electric eels (D:8)
  5 komodo dragon simulacra (IceCv)
  6 crimson imps (D:7)
  17 jellies
  3 orc priests
  3 gnoll boudas
  5 hounds
  A human skeleton (D:6)
  3 sleepcaps
  7 iguanas
  6 orc wizards
  20 hell rats
  A centaur simulacrum (D:10)
  Robin (D:2)
  3 acid dragon simulacra (IceCv)
  17 gnolls
  8 adders
  11 river rats (Lair:2)
  2 shadow imps
  5 white imps
  2 ufetubi (D:5)
  4 steam dragon simulacra (IceCv)
  4 dart slugs
  38 orcs
  7 bats
  9 endoplasms
  2 giant cockroaches
  18 goblins
  15 hobgoblins
  5 quokkas (Lair:2)
  6 ball pythons
  2 frilled lizards
  A goblin skeleton (D:6)
  15 kobolds
  11 rats (Lair:2)
489 creatures vanquished.

Vanquished Creatures (collateral kills)
  A black mamba (Lair:3)
  A lindwurm simulacrum (IceCv)
  A howler monkey (D:8)
  A komodo dragon simulacrum (IceCv)
  A wolf simulacrum (Lair:1)
  An acid dragon simulacrum (IceCv)
  A white imp (D:7)
  A steam dragon simulacrum (IceCv)
  5 goblins (D:2)
  2 hobgoblins (D:2)
15 creatures vanquished.

Vanquished Creatures (others)
  The ghost of LustLizard the Destroyer, a novice DEAE of Hepliaklqana (D:10)
  A shadow (D:10)
  2 wraiths (D:10)
  9 fungi
  12 plants
25 creatures vanquished.

Grand Total: 529 creatures vanquished

Notes
Turn   | Place    | Note
-------+----------+-------------------------------------------
     0 | D:1      | voltaire321 the Demonspawn Gladiator began the quest for
                  | the Orb.
     0 | D:1      | Reached XP level 1. HP: 16/16 MP: 1/1
   192 | D:1      | Gained mutation: A weak demonic guardian rushes to your
                  | aid. [demonic ancestry]
   192 | D:1      | Reached XP level 2. HP: 22/22 MP: 2/2
   210 | D:1      | Found Kaximn's Antique Armour Boutique.
   613 | D:2      | Gained mutation: Your demonic aura sometimes causes spilled
                  | blood to erupt in flames. [demonic ancestry]
   613 | D:2      | Reached XP level 3. HP: 28/28 MP: 3/3
   624 | D:2      | Reached skill level 3 in Axes
   651 | D:2      | Reached skill level 1 in Armour
   777 | D:2      | Noticed Robin
   885 | D:2      | Killed Robin
   886 | D:2      | Reached XP level 4. HP: 20/34 MP: 4/4
  2031 | D:4      | Gained mutation: Your demonic aura often causes spilled
                  | blood to erupt in flames. [demonic ancestry]
  2031 | D:4      | Reached XP level 5. HP: 39/40 MP: 5/5
  2086 | D:4      | Found an ornate altar of the Wu Jian Council.
  2092 | D:4      | Became a worshipper of the Wu Jian Council
  2189 | D:4      | Found a staircase to the Ecumenical Temple.
  2194 | Temple   | Entered the Ecumenical Temple
  2341 | D:4      | Found a large runed translucent door.
  2341 | D:4      | Found a large runed translucent door.
  2459 | D:4      | Reached XP level 6. HP: 47/47 MP: 6/6
  2696 | D:4      | Found a blossoming altar of Fedhas.
  2988 | D:4      | Reached skill level 4 in Axes
  3153 | D:4      | Noticed domi's ghost (amateur NaFi)
  3166 | D:4      | Killed domi's ghost
  3166 | D:4      | Reached * piety under Wu Jian
  3167 | D:4      | Reached XP level 7. HP: 16/53 MP: 7/7
  3361 | D:5      | Entered Level 5 of the Dungeon
  3868 | D:5      | Found a hazy altar of Hepliaklqana.
  3883 | D:5      | Gained mutation: You have a small tail. [demonic ancestry]
  3883 | D:5      | Reached XP level 8. HP: 57/61 MP: 8/8
  4005 | D:5      | Found a broken altar of Ashenzari.
  4290 | D:5      | Reached ** piety under Wu Jian
  4695 | D:6      | Reached skill level 5 in Dodging
  4714 | D:6      | Reached skill level 5 in Axes
  4842 | D:6      | Reached skill level 5 in Fighting
  5138 | D:6      | Found a runed translucent door.
  5142 | D:6      | Found a basalt altar of Yredelemnul.
  5251 | D:6      | Reached skill level 5 in Throwing
  5290 | D:6      | Reached XP level 9. HP: 68/68 MP: 9/9
  5627 | D:7      | Found a radiant altar of Vehumet.
  5629 | D:7      | Found a snail-covered altar of Cheibriados.
  5975 | D:7      | Reached *** piety under Wu Jian
  6184 | D:7      | Reached skill level 5 in Armour
  6563 | D:7      | Reached skill level 6 in Axes
  6734 | D:7      | Identified the +4 shortbow "Ceoninam" {flame, rC+++ Int+5
                  | Dex-4 SInv}
  6964 | D:8      | Found a staircase to the Lair.
  7024 | D:8      | Found an iron altar of Okawaru.
  7230 | D:8      | Gained mutation: You are partially covered in molten
                  | scales. (AC +2) [demonic ancestry]
  7230 | D:8      | Reached XP level 10. HP: 77/77 MP: 10/10
  7238 | D:8      | Found a bloodstained altar of Trog.
  7620 | D:8      | Noticed a deep elf pyromancer
  7621 | D:8      | Noticed a cyclops
  7623 | D:8      | Killed a deep elf pyromancer
  7629 | D:8      | Killed a cyclops
  7630 | D:8      | Reached skill level 7 in Axes
  8470 | D:8      | Reached **** piety under Wu Jian
  8478 | D:8      | Noticed Maurice
  8532 | D:8      | Killed Maurice
  8969 | D:8      | Found a shadowy altar of Dithmenos.
  9023 | D:9      | Found Gam Wagg's Jewellery Shop.
  9252 | D:9      | Gained mutation: You have a tail ending in a sharp stinger.
                  | [demonic ancestry]
  9252 | D:9      | Reached XP level 11. HP: 86/86 MP: 11/11
  9308 | D:9      | Identified the +1 pair of boots of Weocaugg {*Slow +Blink
                  | Stlth+}
  9315 | D:9      | Bought an amulet of reflection for 330 gold pieces
  9575 | D:9      | Reached skill level 9 in Axes
  9575 | D:9      | Reached XP level 12. HP: 94/94 MP: 12/12
  9576 | D:9      | Reached skill level 10 in Fighting
  9576 | D:9      | Reached skill level 10 in Axes
  9576 | D:9      | Gained mutation: You are mostly covered in molten scales.
                  | (AC +3) [demonic ancestry]
  9576 | D:9      | Reached XP level 13. HP: 103/103 MP: 13/13
 10163 | D:9      | Found an opulent altar of Gozag.
 10555 | D:9      | Reached skill level 11 in Axes
 10863 | D:10     | Entered Level 10 of the Dungeon
 10945 | D:10     | Identified the +6 chain mail "Boisest" {-Tele Will+ Regen+
                  | Int+3}
 11081 | D:10     | Reached ***** piety under Wu Jian
 11301 | D:10     | Found a runed translucent gate.
 11302 | D:10     | Found a runed translucent gate.
 11402 | D:10     | Found a runed translucent gate.
 11404 | D:10     | Noticed LustLizard's ghost (novice DEAE)
 11433 | D:10     | Killed LustLizard's ghost
 12163 | Lair:1   | Entered Level 1 of the Lair of Beasts
 12322 | Lair:1   | Found a frozen archway.
 12331 | IceCv    | Entered an ice cave
 13403 | IceCv    | Noticed a white draconian
 13414 | IceCv    | Killed a white draconian
 13773 | IceCv    | Identified the ring of Esionav {rC+ rCorr Str+5}
 14338 | Lair:1   | Noticed Nergalle
 14350 | Lair:1   | Killed Nergalle
 14829 | Lair:2   | Reached skill level 12 in Axes
 15594 | Lair:2   | Reached ****** piety under Wu Jian
 15822 | Lair:3   | Found a staircase to the Snake Pit.
 16047 | Lair:3   | Gained mutation: A demonic guardian rushes to your aid.
                  | [demonic ancestry]
 16047 | Lair:3   | Reached XP level 14. HP: 79/113 MP: 14/14
 16521 | Lair:3   | Found a staircase to the Shoals.
 17490 | Lair:4   | Found a viscous altar of Jiyva.
 17490 | Lair:4   | Found a staircase to the Slime Pits.
 18096 | Lair:5   | Entered Level 5 of the Lair of Beasts
 18625 | Lair:5   | Reached skill level 10 in Dodging
 18678 | Lair:5   | Reached skill level 13 in Axes
 19244 | Lair:5   | Found a burning altar of Makhleb.
 19255 | Lair:5   | HP: 4/116 [sixfirhy (11)]
 19255 | Lair:5   | Slain by an orange demon

Illustrated notes

Levels and vault maps discovered:
D:1:      roderic_chinese_lattice_arrival, layout_rooms, serial_shops,
          nicolae_diamond_shop
D:2:      layout_rooms, minmay_goblin_outpost, uniq_robin
D:3:      kennysheep_big_flooded_room, layout_basic
D:4:      layout_basic, mainiacjoe_overflow_paths,
          mainiacjoe_overflow_boulevard, temple_doors_e,
          ebering_ghost_disaster_area, grunt_ministairs_15
D:5:      layout_rooms, mainiacjoe_overflow_large_starburst, serial_rivers,
          chequers_serial_rivers_micro_c, chequers_serial_rivers_room_a,
          chequers_serial_rivers_micro_d, chequers_serial_rivers_large_b,
          chequers_serial_rivers_micro_d, grunt_tough_drop
D:6:      layout_basic, dk_yredelemnul_ordeal
D:7:      layout_basic, chequers_temple_overflow_statue_of_worship,
          minmay_nine_imps
D:8:      minmay_slanted_spiral_squares, layout_rooms, kennysheep_mini_moat,
          trog_hazing_becter, lemuel_tele_altar,
          mainiacjoe_overflow_cross_hatched, lair_entry_dummy,
          kennysheep_generic_room_2, uniq_maurice
D:9:      layout_loops_ring, general_overflow_altar, serial_shops, shop,
          centaur_isle
D:10:     layout_irregular_city, gammafunk_ghost_spectres, minmay_microvault
Temple:   hellmonk_temple_forest_ring
Lair:1:   layout_chaotic_city, portal_ice_cave_entry_ice_simulacra,
          uniq_nergalle
Lair:2:   lemuel_ratsnest, layout_cave_shapes, serial_bayou_shore_b
Lair:3:   layout_cave_pods, elwin_shoals_entry_stream, dummy_snake_entry
Lair:4:   layout_long_grid, minmay_slime_entry_jelly_boxes,
          grunt_forest_small_clearing_treed, lemuel_fruit_tree
Lair:5:   evil_forest, layout_cave_shapes

Skill      XL: |  1  2  3  4  5  6  7  8  9 10 11 12 13 14 |
---------------+-------------------------------------------+-----
Throwing       | 2 3 4 5 6 7 8 9 |  9.7
Dodging        | 3 4 5 6 7 8 9 10 | 10.1
Axes           | 3 4 5 6 7 9 10 12 13 | 13.1
Armour         | 1 2 3 4 5 6 7 8 9 |  9.4
Fighting       | 3 4 5 6 7 8 10 11 12 | 12.7

Action                     |  1- 3 |  4- 6 |  7- 9 | 10-12 | 13-15 || total
---------------------------+-------+-------+-------+-------+-------++-------
  Melee: War axe           |    68 |   171 |   265 |   179 |       ||   683
         Punch             |       |     3 |     4 |     3 |     8 ||    18
         Tailslap          |       |       |    38 |    18 |    62 ||   118
         Unarmed           |       |       |       |     9 |       ||     9
         Broad axe         |       |       |       |       |   448 ||   448
   Fire: Shortbow          |       |       |       |       |   155 ||   155
  Throw: Boomerang         |       |       |     4 |    40 |    91 ||   135
Ability: Lunge             |       |     7 |    10 |     8 |    34 ||    59
         Whirlwind         |       |       |     4 |     5 |    31 ||    40
    Use: Scroll            |       |       |       |     9 |    21 ||    30
         Potion            |       |       |       |     4 |     4 ||     8
 Armour: Leather armour    |    30 |    32 |       |       |       ||    62
         Scale mail        |       |    25 |   129 |    39 |       ||   193
         Plate armour      |       |       |       |    82 |   125 ||   207
         Chain mail        |       |       |       |       |   306 ||   306
  Dodge: Dodged            |    72 |   128 |   174 |   112 |   421 ||   907
  Block: Other             |       |       |       |     9 |   146 ||   155
         Reflection        |       |       |       |       |     5 ||     5

Table legend: (Time is in decaauts)
 A = Elapsed time spent in this place.
 B = Non-inter-level travel time spent in this place.
 C = Inter-level travel time spent in this place.
 D = Time resting spent in this place.
 E = Time spent auto-exploring this place.
 F = Levels seen in this place.
 G = Mean time per level.
                   A        B        C        D        E       F      G
               +--------+--------+--------+--------+--------+-----+--------+
         Total |  19756 |  19299 |    457 |   5503 |   9343 |  17 | 1162.1 |
       Dungeon |  12317 |  11970 |    347 |   3653 |   5706 |  10 | 1231.7 |
        Temple |     80 |     77 |      3 |      0 |     65 |   1 |   80.0 |
          Lair |   5704 |   5597 |    107 |    840 |   3495 |   5 | 1140.8 |
      Ice Cave |   1655 |   1655 |      0 |   1010 |     77 |   1 | 1655.0 |
               +--------+--------+--------+--------+--------+-----+--------+

Top non-repeatable levels by time:
     D:8: 1867 daAuts
     D:9: 1739 daAuts
     D:7: 1680 daAuts
   IceCv: 1655 daAuts
  Lair:3: 1555 daAuts
     D:4: 1539 daAuts
  Lair:2: 1274 daAuts
    D:10: 1273 daAuts
  Lair:5: 1189 daAuts
     D:6: 1073 daAuts
     D:5: 1070 daAuts
  Lair:1: 914 daAuts
     D:3: 819 daAuts
  Lair:4: 772 daAuts
     D:1: 660 daAuts
